 Dungeon Crawl Stone Soup version 0.27.1-34-g3ba077fa99 (webtiles) character file.

Game seed: 14159892166867337162

2631 squill the Skirmisher (level 9, -12/77 (79) HPs)
             Began as a Hill Orc Conjurer on Jan 10, 2022.
             Killed from afar by kingbonesx's ghost (25 damage)
             ... with a stone arrow
             ... on level 6 of the Dungeon.
             The game lasted 00:27:39 (7988 turns).

squill the Skirmisher (Hill Orc Conjurer)           Turns: 7988, Time: 00:27:40

HP:   -12/77 (79)   AC: 15    Str: 10    XL:     9   Next: 61%
MP:   3/16          EV: 10    Int: 21    God:
Gold: 100           SH:  0    Dex:  9    Spells: 15/18 levels left

rFire    . . .     SeeInvis .   d - staff of conjuration
rCold    . . .     Faith    .   (no shield)
rNeg     . . .     Spirit   .   a - +0 ring mail
rPois    +         Reflect  .   E - +0 helmet
rElec    .         Harm     .   w - +2 cloak {rPois}
rCorr    +         Rampage  .   (no gloves)
Will     .....                  v - +0 pair of boots
Stlth    +.........             (no amulet)
HPRegen  0.22/turn              e - +4 ring of protection
MPRegen  0.15/turn              C - ring of resist corrosion

@: lightly drained
A: no striking features
a: no special abilities


You were on level 6 of the Dungeon.
You visited 1 branch of the dungeon, and saw 7 of its levels.
You also visited: Ossuary.

You collected 291 gold pieces.
You spent 191 gold pieces at shops.

Inventory:

Hand Weapons
 k - a +0 hand axe
Armour
 a - a +0 ring mail (worn)
 v - a +0 pair of boots (worn)
 w - a +2 cloak of poison resistance (worn)
 E - a +0 helmet (worn)
Magical Staves
 d - a staff of conjuration (weapon)
Jewellery
 e - a +4 ring of protection (left hand)
 q - an amulet of guardian spirit
 C - a ring of resist corrosion (right hand)
Wands
 m - a wand of charming (7)
 D - a wand of flame (9)
 F - a wand of acid (1)
Scrolls
 f - 3 scrolls of teleportation
 g - a scroll of enchant weapon {unknown}
 i - a scroll of magic mapping
 j - 5 scrolls of identify
 l - 3 scrolls of vulnerability
 o - a scroll of blinking {unknown}
 p - a scroll of acquirement {unknown}
 u - a scroll of amnesia {unknown}
 y - a scroll of fear
 z - a scroll of fog {unknown}
 A - a scroll of torment {unknown}
Potions
 b - 5 potions of attraction
 c - a potion of ambrosia
 h - a potion of lignification {unknown}
 n - a potion of heal wounds
 r - 3 potions of curing {unknown}
 s - 2 potions of might
 t - 3 potions of mutation {unknown}
 x - 2 potions of cancellation {unknown}
 B - a potion of brilliance {unknown}


   Skills:
 + Level 7.5 Fighting
 + Level 5.6 Axes
 - Level 4.1 Armour
 - Level 2.3 Dodging
 - Level 1.5 Stealth
 + Level 5.1 Spellcasting
 + Level 7.5 Conjurations


You had 15 spell levels left.
You knew the following spells:

 Your Spells              Type           Power      Damage    Failure   Level
a - Magic Dart            Conj           100%       1d8       1%          1
b - Searing Ray           Conj           100%       3d7       1%          2

Your spell library contained the following spells:

 Spells                   Type           Power      Damage    Failure   Level
 Static Discharge         Conj/Air       31%        N/A       9%          2
 Dazzling Flash           Conj/Hex       62%        N/A       17%         3
 Apportation              Tloc           10%        N/A       26%         1
 Sting                    Tmut/Pois      20%        1d4       26%         1
 Poisonous Vapours        Pois/Air       10%        N/A       36%         2
 Fulminant Prism          Conj/Hex       15%        3d11      50%         4
 Iskenderun's Mystic Bla  Conj/Tloc      31%        2d8       50%         4
 Lightning Bolt           Conj/Air       15%        1d29      83%         5
 Olgreb's Toxic Radiance  Pois           5%         N/A       95%         4
 Alistair's Intoxication  Tmut/Pois      3%         N/A       100%        5
 Invisibility             Hex            2%         N/A       100%        6
 Maxwell's Capacitive Co  Air            2%         ∞         100%        8


Dungeon Overview and Level Annotations

Branches:
Dungeon (7/15)            Ossuary (visited)
 Temple: D:4-7

Altars:
Cheibriados
Fedhas
Nemelex Xobeh
Ru
Trog

Shops:
D:3 *   D:5 *

Annotations:
D:6 1 transporter, kingbonesx's ghost, novice DrWr


Message History

The searing ray hits kingbonesx's ghost.
Kingbonesx's ghost is lightly damaged. (Press . to maintain the ray.)
The searing ray hits kingbonesx's ghost!
Kingbonesx's ghost is moderately damaged.
Kingbonesx's ghost hits you but does no damage.
You feel drained.
The searing ray hits kingbonesx's ghost but does no damage.
Kingbonesx's ghost is moderately damaged.
Kingbonesx's ghost gestures at you while chanting.
The stone arrow misses you.
The searing ray hits kingbonesx's ghost!
Kingbonesx's ghost is moderately damaged.
You finish channeling your searing ray.
Kingbonesx's ghost closely misses you.
Casting: Searing Ray (safe; 1% risk of failure)
Confirm with . or Enter, or press ? or * to list all spells.
Aiming: Searing Ray (safe; 1% risk of failure)
Press: ? - help, Shift-Dir - straight line, f/p - kingbonesx's ghost
Aim: kingbonesx's ghost, wielding a weapon of draining (moderately damaged, 76% to hit)
You feel a surge of power!
The searing ray hits kingbonesx's ghost but does no damage.
Kingbonesx's ghost is moderately damaged. (Press . to maintain the ray.) Kingbonesx's ghost screams, "Don't try to defend!
You have no chance!"
Kingbonesx's ghost points at you and mumbles some strange words.
The stone arrow hits you!!
* * * LOW HITPOINT WARNING * * *
The searing ray hits kingbonesx's ghost!
Kingbonesx's ghost is heavily damaged.
Kingbonesx's ghost hits you but does no damage.
You feel drained.
The searing ray hits kingbonesx's ghost.
Kingbonesx's ghost is heavily damaged.
Kingbonesx's ghost barely misses you.
The searing ray hits kingbonesx's ghost!
Kingbonesx's ghost is severely damaged.
You finish channeling your searing ray.
Kingbonesx's ghost points at you and mumbles some strange words.
The stone arrow hits you!!
You die...

#.##.##.....©.....###.##
#.##.#..#########..#...##
#......##8..)..8##.#....#
####.#.#........©#.#....#
# #.#.#.##!†.##.#.####.#
# ##.#.#.##.†.##.#.# #.#
# #..#.#....©....#.# #.#
###.##.#.##.W.##.#.# #.#
..#.##.#.##...##@#.# #.#
#.#.##?#......)W.#.####.#
#.#.#..##8.?!$.8##......#
)[))....#########..######
#.#.#.......©.....##
#.#.#.........###.#
..#.#.........###.#
.##...............#
.####.).......#####


You could see kingbonesx's ghost.

Vanquished Creatures
  Prince Ribbit (D:5)
  2 water moccasins
  An orc warrior (D:7)
  A black bear (D:6)
  An ogre (D:5)
  A phantom (D:6)
  4 elf zombies (Ossuary)
  2 gnoll sergeants (D:6)
  2 scorpions
  6 killer bees (D:6)
  A howler monkey (D:6)
  6 centaur zombies
  4 human zombies (Ossuary)
  A bullfrog zombie (D:5)
  2 jellies
  A bullfrog skeleton (D:5)
  2 orc priests (D:6)
  A hound (D:4)
  4 iguanas
  A centaur skeleton (D:5)
  Terence (D:2)
  An orc wizard (D:6)
  A hound skeleton (D:5)
  3 mummies (Ossuary)
  11 gnolls
  12 adders
  A shadow imp (D:6)
  A white imp (D:6)
  An ufetubus (D:6)
  An adder skeleton (D:4)
  2 worms (D:2)
  2 dart slugs
  7 orcs
  8 bats
  8 endoplasms
  3 giant cockroaches (D:1)
  2 goblins
  5 hobgoblins
  4 jackals (D:4)
  3 quokkas
  4 ball pythons
  A frilled lizard (D:2)
  9 kobolds
  7 rats
142 creatures vanquished.

Notes
Turn   | Place    | Note
-------+----------+-------------------------------------------
     0 | D:1      | squill the Hill Orc Conjurer began the quest for the Orb.
     0 | D:1      | Reached XP level 1. HP: 14/14 MP: 3/3
   276 | D:1      | Reached XP level 2. HP: 22/22 MP: 0/4
   481 | D:1      | Reached skill level 1 in Fighting
   524 | D:1      | Reached skill level 1 in Armour
   554 | D:1      | Learned a level 2 spell: Searing Ray
   783 | D:1      | Reached XP level 3. HP: 28/28 MP: 1/5
  1151 | D:2      | Noticed Terence
  1313 | D:2      | Killed Terence
  1314 | D:2      | Reached XP level 4. HP: 36/36 MP: 2/7
  2514 | D:3      | Found Murhaeg's General Store.
  2567 | D:3      | Bought a scroll of identify for 28 gold pieces
  2567 | D:3      | Bought a potion of heal wounds for 70 gold pieces
  2606 | D:3      | Found a faded altar of an unknown god.
  3205 | D:4      | Reached XP level 5. HP: 42/42 MP: 3/8
  3429 | D:4      | Found a snail-covered altar of Cheibriados.
  3692 | D:4      | Reached XP level 6. HP: 51/51 MP: 3/10
  4002 | D:4      | Found a blossoming altar of Fedhas.
  4002 | D:4      | Found a sacrificial altar of Ru.
  4005 | D:4      | Reached skill level 5 in Conjurations
  4527 | D:5      | Entered Level 5 of the Dungeon
  4549 | D:5      | Found a sand-covered staircase.
  4557 | Ossuary  | Entered an ossuary
  4582 | Ossuary  | Reached XP level 7. HP: 53/58 MP: 0/11
  5078 | Ossuary  | Reached skill level 5 in Fighting
  5078 | Ossuary  | Reached XP level 8. HP: 47/68 MP: 2/13
  5764 | D:5      | Found a bloodstained altar of Trog.
  5773 | D:5      | Reached skill level 1 in Axes
  5857 | D:5      | Noticed Prince Ribbit
  5896 | D:5      | Killed Prince Ribbit
  6019 | D:5      | Found Likluny's Serpentskin Sales.
  6066 | D:5      | Bought a +0 cloak of poison resistance for 93 gold pieces
  6623 | D:6      | Reached XP level 9. HP: 61/78 MP: 0/15
  6922 | D:6      | Noticed kingbonesx's ghost (novice DrWr)
  6939 | D:6      | Found a transporter.
  6965 | D:6      | Found a transporter.
  7264 | D:6      | Found a sparkling altar of Nemelex Xobeh.
  7674 | D:7      | Reached skill level 5 in Axes
  7729 | D:6      | Reached skill level 5 in Spellcasting
  7988 | D:6      | Killed from afar by kingbonesx's ghost

Illustrated notes

Levels and vault maps discovered:
D:1:      dpeg_arrival_ternary, layout_rooms, chequers_avenue,
          minmay_misc_feat_ornament, minmay_tetromino_i2
D:2:      layout_loops_cross, uniq_terence
D:3:      layout_loops_ring, serial_shops, nicolae_lakefront_shop,
          dreamdust_ecumenical_altar_statues
D:4:      layout_loops_corners, overflow_temple_1_default,
          gammafunk_temple_overflow_pools
D:5:      lemuel_ice_spiral_2, layout_basic, trog_three_pillars_becter,
          chequers_ossuary_entry_cave, hangedman_abyss_or_decor_lesser_grid,
          guppyfry_shop_venom, uniq_prince_ribbit1
D:6:      layout_loops_cross, kennysheep_little_box, gammafunk_ghost_arena,
          patterned_corridor
D:7:      minmay_cornered_nines, layout_gridville, good_gods_mini_temple,
          minmay_temple_entry_mini_moons, uniq_duvessa

Skill      XL: |  1  2  3  4  5  6  7  8  9 |
---------------+----------------------------+-----
Fighting       | 1 2 3 5 6 7 |  7.5
Armour         | 1 2 3 4 |  4.1
Spellcasting   | 2 3 4 5 |  5.1
Dodging        | 2 |  2.3
Conjurations   | 5 6 7 |  7.5
Axes           | 3 5 |  5.6
Stealth        | |  1.5

Action                   |  1- 3 |  4- 6 |  7- 9 || total
-------------------------+-------+-------+-------++-------
Melee: Unarmed           |     4 |       |       ||     4
       Staff             |     1 |    20 |    20 ||    41
       Hand axe          |       |       |    40 ||    40
 Cast: Magic Dart        |    51 |    72 |    59 ||   182
       Searing Ray       |     1 |    15 |    44 ||    60
Evoke: Wand              |       |       |     4 ||     4
  Use: Scroll            |       |     6 |     6 ||    12
       Potion            |       |       |     1 ||     1
Armor: Leather armour    |       |    15 |    26 ||    41
       Ring mail         |       |       |    48 ||    48
Dodge: Dodged            |     5 |    18 |    94 ||   117
